 Dungeon Crawl Stone Soup version 0.23-a0-565-g3e74e4c (webtiles) character file.

162864 MisterFreud the Acrobat (level 16, 0/127 HPs)
             Began as a Felid Berserker on Dec 11, 2018.
             Was the Champion of Trog.
             Slain by a vault warden
             ... wielding a +0 halberd
              (33 damage)
             ... on level 3 of the Vaults on Dec 13, 2018.
             The game lasted 02:17:11 (58911 turns).

MisterFreud the Acrobat (Felid Berserker)          Turns: 58911, Time: 02:17:12

Health: 0/127      AC:  9    Str: 23    XL:     16   Next: 63%
Magic:  24/24      EV: 35    Int: 10    God:    Trog [******]
Gold:   1723       SH:  0    Dex: 16    Spells: 15/15 levels left
                                        Lives:  0   Deaths: 4

rFire    . . .     SeeInvis +     - Unarmed
rCold    + . .     Gourm    .   (shield unavailable)
rNeg     . . .     Faith    +   (armour unavailable)
rPois    +         Spirit   .   (helmet unavailable)
rElec    .         Reflect  .   (cloak unavailable)
rCorr    .         Harm     .   (gloves unavailable)
MR       ++...                  (boots unavailable)
Stlth    ..........             t - amulet of faith
HPRegen  0.31/turn              R - ring of poison resistance
MPRegen  0.19/turn              M - +6 ring of protection

@: berserking, very quick
A: very small, no armour, no weapons or thrown items, stealth, claws 1, fangs 3,
see invisible, carnivore, speed 1, shaggy fur 3, slow metabolism 1, sharp paws
}: 2/15 runes: decaying, gossamer
a: Berserk, Trog's Hand, Brothers in Arms, Renounce Religion


You were on level 3 of the Vaults.
You worshipped Trog.
Trog was exalted by your worship.
You were very full.

You visited 6 branches of the dungeon, and saw 34 of its levels.
You also visited: Sewer.

You collected 3173 gold pieces.
You spent 1450 gold pieces at shops.

Inventory:

Jewellery
 g - an uncursed ring of stealth
 n - a +6 ring of dexterity
 t - an amulet of faith (around neck)
 D - an uncursed ring of positive energy
 L - an uncursed ring of protection from fire
 M - a +6 ring of protection (right paw)
 P - an uncursed ring of protection from fire
 Q - an uncursed ring of protection from magic
 R - a ring of poison resistance (left paw)
 T - an uncursed amulet of guardian spirit
Wands
 c - a wand of iceblast (5)
 x - a wand of acid (18)
 B - a wand of flame (27)
 C - a wand of polymorph (14)
 H - a wand of enslavement (18)
 I - a wand of digging (10)
 O - a wand of paralysis (17)
 S - a wand of disintegration (5)
Scrolls
 e - 5 scrolls of magic mapping
 q - 13 scrolls of teleportation
 s - 16 scrolls of remove curse
 v - 6 scrolls of fog
 w - 15 scrolls of identify
 y - 8 scrolls of immolation
 E - 3 scrolls of vulnerability
 F - a scroll of torment
 G - a scroll of fear
 J - 2 scrolls of silence
 K - a scroll of summoning
Potions
 b - 9 potions of brilliance
 d - 6 potions of resistance
 f - 7 potions of might
 h - 5 potions of curing
 i - 2 potions of cancellation
 j - 4 potions of flight
 k - 12 potions of agility
 l - a potion of invisibility
 m - 5 potions of ambrosia
 o - 2 potions of lignification
 p - 2 potions of berserk rage
 r - 2 potions of magic
 u - 8 potions of haste
 z - 2 potions of mutation
Miscellaneous
 A - a lightning rod (4/4)
 N - a sack of spiders
 V - a lamp of fire
Comestibles
 a - 55 rations
 U - 9 chunks of flesh


   Skills:
 + Level 18.1 Fighting
 - Level 21.0 Dodging
 - Level 16.0 Stealth
 + Level 18.1 Unarmed Combat
 - Level 10.0 Evocations


You had 15 spell levels left.
You didn't know any spells.
Your spell library was empty.

Dungeon Overview and Level Annotations

Branches:
Dungeon (15/15)            Temple (0/1) D:4            Lair (6/6) D:9
  Swamp (4/4) Lair:3       Spider (4/4) Lair:2        Slime (0/5) Lair:6
    Orc (2/2) D:10            Elf (0/3) Orc:2        Vaults (3/5) D:14
  Crypt (0/3) Vaults:3     Depths (0/5) D:15

Altars:
Dithmenos
Kikubaaqudgha
Qazlal
Beogh

Shops:
D:6 *   D:9 :[   D:10 =   D:11 }   D:12 =   Orc:2 (=:%

Annotations:
D:9 2 runed doors, Wahll's ghost, journeyman GnVM
D:14 3 runed doors, Ratty's ghost, journeyman DENe
Lair:6 2 runed doors


Innate Abilities, Weirdness & Mutations

You cannot wear armour.
You are incapable of wielding weapons or throwing items.
Your paws allow you to move quietly. (Stealth)
You have sharp claws.
You have razor-sharp teeth.
You have supernaturally acute eyesight. (SInv)
You are carnivorous and can eat meat at any time.
You cover ground quickly.
Your thick and shaggy fur keeps you warm. (AC +3, rC+)
You have a slow metabolism.
Your sharp claws are effective at attacking unaware monsters.


Message History

There is an open door, spattered with blood here.
Things that are here:
a +0 arbalest; 13 bolts A red film seems to cover your vision as you go berserk!
You feel yourself moving faster!
You feel mighty!
The yaktaur unwields a +0 arbalest.
The yaktaur hits you.
* * * LOW HITPOINT WARNING * * *
The vault warden misses you.
You claw the yaktaur! x2
You kill the yaktaur!
Trog accepts your kill.
The yaktaur wields a +0 arbalest.
The yaktaur shoots a bolt.
The bolt completely misses you.
You scratch the vault warden. Your bite misses the vault warden.
The vault warden is lightly wounded.
You scratch the vault warden but do no damage.
You bite the vault warden!
The vault warden is lightly wounded.
The vault warden hits you with a +0 halberd!!
You die...

####################
#...................
#...................
#...................
#..#################
#..# #((########
#(.@sc.....
#..#pC.....
#..#c......
#..######## #..#
#..# #..# #..


You could see a stone giant, a vault warden, a wolf spider and 2 yaktaurs.

Vanquished Creatures
  An ancient champion (Vaults:3)
  A thorn hunter (Swamp:4)
  Agnes (Spider:3)
  6 emperor scorpions
  2 ghost moths
  A vault warden (Vaults:1)
  3 very ugly things (Vaults:2)
  A stone giant (Vaults:2)
  3 ironheart preservers
  4 entropy weavers
  Azrael (D:13)
  A deep elf death mage (Vaults:3)
  8 ogre magi
  3 yaktaur captains
  3 great orbs of eyes
  3 vault guards (D:14)
  4 rakshasas
  Fannar (Orc:1)
  2 ice dragons
  4 centaur warriors
  2 shambling mangroves (Swamp:4)
  17 hydras
  A ghost crab (Swamp:2)
  Erica (Orc:1)
  4 death knights
  13 alligators
  26 two-headed ogres
  A spriggan berserker (Swamp:4)
  2 skeletal warriors (D:15)
  A fire crab (Spider:1)
  3 spriggan druids
  An unseen horror (D:13)
  A flayed ghost (Vaults:2)
  2 deep trolls (Vaults:3)
  3 wizards
  A deep elf archer (Vaults:3)
  A harpy (Spider:4)
  8 swamp dragons
  A lindwurm (Lair:6)
  9 orc knights
  2 phantasmal warriors
  An ironbrand convoker (Vaults:2)
  5 deep elf magi
  Pikel (D:6)
  4 necromancers
  5 orc sorcerers
  7 orb spiders
  30 wolf spiders
  4 cyclopes
  17 ugly things
  2 manticores (D:11)
  A moth of wrath (Spider:3)
  5 vault sentinels
  A naga mage (D:15)
  4 black mambas
  A torpor snail (Spider:1)
  Joseph (D:7)
  2 molten gargoyles (Lair:6)
  3 gargoyles
  11 spiny frogs
  A kobold demonologist (D:13)
  A rime drake (Lair:2)
  10 komodo dragons
  10 demonic crawlers
  5 freezing wraiths
  15 yaktaurs
  A queen bee (D:9)
  11 trolls
  A polar bear (Lair:4)
  3 meliai (Spider:3)
  35 jumping spiders
  A hornet (shapeshifter) (D:13)
  14 hornets
  A wind drake (Spider:4)
  Grinder (D:4)
  15 blink frogs
  11 bog bodies
  A hippogriff (shapeshifter) (Vaults:2)
  13 tyrant leeches
  21 slime creatures
  8 hippogriffs
  A centaur simulacrum (D:15)
  A redback (shapeshifter) (Vaults:3)
  52 redbacks
  6 spriggans
  2 shadows
  15 tarantellas
  18 yaks
  A yak (shapeshifter) (Vaults:1)
  A vampire (D:13)
  5 wyverns
  A fire elemental (D:13)
  17 humans (D:14)
  3 wraiths
  2 hogs
  6 hungry ghosts
  A yaktaur simulacrum (Vaults:2)
  5 basilisks
  A steam dragon (Lair:6)
  Eustachio (D:4)
  2 vampire mosquitoes (Swamp:1)
  3 wargs
  19 swamp worms
  12 insubstantial wisps
  3 acid dragons
  5 hell hounds
  10 water moccasins
  6 sky beasts
  35 orc warriors
  14 porcupines
  17 swamp drakes
  A necrophage (D:9)
  3 slaves
  4 black bears
  An eye of draining (Spider:4)
  3 phantoms
  4 ice beasts
  42 ogres
  9 boggarts
  A wolf (Lair:5)
  15 centaurs
  13 crocodiles
  23 bullfrogs
  A wyvern zombie (D:14)
  2 wyvern skeletons
  4 scorpions
  4 troll zombies (D:10)
  28 killer bees
  An orc simulacrum (Vaults:1)
  3 howler monkeys (D:8)
  6 crimson imps
  4 lava snakes (Lair:6)
  2 bullfrog zombies
  3 hounds
  2 centaur zombies
  5 jellies
  A quasit (D:14)
  2 bullfrog skeletons
  15 orc priests
  25 orc wizards
  3 centaur skeletons
  3 iguanas
  13 worker ants
  4 ogre zombies (D:10)
  A hound zombie (D:8)
  A hound skeleton (D:11)
  Robin (D:3)
  4 gnolls
  A howler monkey skeleton (D:10)
  A howler monkey zombie (D:9)
  16 adders
  A river rat (D:4)
  8 shadow imps
  4 oozes
  An adder skeleton (D:6)
  7 worms
  2 dart slugs (D:1)
  3 leopard geckos
  74 orcs
  4 ball pythons
  6 giant cockroaches
  9 hobgoblins
  9 jackals
  15 kobolds
  3 quokkas
  5 bats
  3 frilled lizards
  13 goblins
  6 goblin zombies (D:10)
  2 hobgoblin skeletons (D:10)
  A hobgoblin zombie (D:10)
  A leopard gecko skeleton (D:4)
  A leopard gecko zombie (D:7)
  An orc skeleton (D:10)
  15 orc zombies (D:10)
  12 rats
1183 creatures vanquished.

Vanquished Creatures (collateral kills)
  Saint Roka (Vaults:3)
  Gastronok (Lair:1)
  An emperor scorpion (Spider:4)
  An orc warlord (Orc:1)
  An ironheart preserver (Vaults:3)
  An entropy weaver (Spider:4)
  Josephine (D:13)
  A deep elf death mage (Vaults:3)
  An ogre mage (Vaults:1)
  A yaktaur captain (Vaults:1)
  A rakshasa (Vaults:2)
  4 hydras
  2 two-headed ogres (Vaults:1)
  A centaur warrior (Vaults:1)
  A deep troll shaman (Vaults:3)
  2 alligators
  2 deep trolls (Vaults:3)
  A swamp dragon (Swamp:4)
  A deep elf archer (Vaults:3)
  An orc knight (Vaults:1)
  An ironbrand convoker (Vaults:1)
  2 orb spiders (Spider:4)
  2 deep elf magi (Vaults:3)
  8 ugly things (Vaults:1)
  An orc sorcerer (Vaults:1)
  4 wolf spiders (Spider:4)
  2 cyclopes (D:11)
  A torpor snail (Spider:3)
  A queen bee (Spider:3)
  A polar bear (Spider:4)
  2 trolls
  7 jumping spiders (Spider:4)
  11 blink frogs
  A hornet (Swamp:4)
  A hippogriff (Lair:3)
  4 slime creatures
  A shadow (Swamp:4)
  4 wraiths (D:13)
  3 wyverns (Lair:6)
  4 redbacks (Spider:4)
  A tarantella (Spider:3)
  3 yaks (D:11)
  2 basilisks (Lair:6)
  3 insubstantial wisps (Swamp:3)
  2 wargs
  2 water moccasins
  A porcupine (Lair:4)
  3 swamp drakes
  6 orc warriors
  4 wolves (Lair:3)
  4 ogres
  2 killer bees (Spider:3)
  A hound (D:13)
  2 orc priests (Orc:1)
  3 orc wizards
  10 orcs
  A fungus (Lair:3)
137 creatures vanquished.

Vanquished Creatures (others)
  A spiny frog (Swamp:4)
  2 spriggans (Swamp:2)
  A human (D:2)
  2 briar patches (Swamp:4)
  11 fungi
  13 plants
30 creatures vanquished.

Grand Total: 1350 creatures vanquished

Notes
Turn   | Place    | Note
-------+----------+-------------------------------------------
     0 | D:1      | MisterFreud the Felid Berserker began the quest for the
                  | Orb.
     0 | D:1      | Reached XP level 1. HP: 10/10 MP: 2/2
   169 | D:1      | Reached XP level 2. HP: 14/14 MP: 3/3
   461 | D:1      | Reached XP level 3. HP: 17/17 MP: 4/4
   573 | D:1      | Reached ** piety under Trog
   933 | D:2      | Reached XP level 4. HP: 21/21 MP: 5/5
  1014 | D:2      | Reached skill level 5 in Unarmed Combat
  1418 | D:2      | Found an ancient bone altar of Kikubaaqudgha.
  1418 | D:2      | Noticed a human
  1423 | D:2      | Killed a human
  1699 | D:2      | Noticed an orc warrior
  1722 | D:2      | Slain by an orc warrior
  1723 | D:2      | Reached XP level 3. HP: -3/25 MP: 4/4
  2067 | D:2      | Killed an orc warrior
  2067 | D:2      | Reached XP level 4. HP: 20/21 MP: 5/5
  2067 | D:2      | Reached XP level 5. HP: 23/24 MP: 6/6
  2537 | D:3      | Noticed Robin
  2571 | D:3      | Killed Robin
  2571 | D:3      | Reached skill level 1 in Stealth
  2573 | D:3      | Reached *** piety under Trog
  2770 | D:4      | Noticed an ogre
  2785 | D:4      | Killed an ogre
  2785 | D:4      | Gained mutation: You are covered in thick fur. (AC +2)
                  | [Felid growth]
  2785 | D:4      | Reached XP level 6. HP: 28/28 MP: 7/7
  2806 | D:4      | Found a stormy altar of Qazlal.
  2830 | D:4      | Found a staircase to the Ecumenical Temple.
  3032 | D:4      | Found a glowing drain.
  3046 | Sewer    | Entered a sewer
  3289 | Sewer    | Reached **** piety under Trog
  3584 | D:4      | Reached XP level 7. HP: 10/31 MP: 8/8
  3971 | D:4      | Noticed Grinder
  3971 | D:4      | Noticed Eustachio
  3988 | D:4      | Killed Grinder
  3988 | D:4      | Reached skill level 5 in Stealth
  4004 | D:4      | Killed Eustachio
  4415 | D:5      | Entered Level 5 of the Dungeon
  4875 | D:6      | Reached XP level 8. HP: 34/34 MP: 9/9
  4884 | D:6      | Reached skill level 5 in Dodging
  5293 | D:6      | Found Bapyge's Assorted Antiques.
  5326 | D:6      | Reached skill level 6 in Dodging
  5627 | D:7      | Reached skill level 7 in Dodging
  5875 | D:7      | Reached skill level 8 in Dodging
  5875 | D:7      | Reached skill level 10 in Stealth
  5880 | D:7      | Reached XP level 9. HP: 37/37 MP: 10/10
  5891 | D:7      | Reached ***** piety under Trog
  5909 | D:7      | Noticed Joseph
  5916 | D:7      | Noticed Pikel
  6269 | D:6      | Killed Pikel
  6269 | D:6      | Reached skill level 10 in Dodging
  6622 | D:7      | Killed Joseph
  6622 | D:7      | Reached skill level 11 in Dodging
  7305 | D:8      | Reached skill level 12 in Dodging
  7657 | D:8      | Noticed a two-headed ogre
  7666 | D:8      | Killed a two-headed ogre
  7666 | D:8      | Reached skill level 5 in Fighting
  7666 | D:8      | Reached XP level 10. HP: 17/45 MP: 11/11
  8279 | D:9      | Noticed Wahll's ghost (journeyman GnVM)
  8280 | D:9      | Found a large runed door.
  8280 | D:9      | Found a large runed door.
  8292 | D:9      | Found a staircase to the Lair.
  8356 | D:9      | Found Kishrih's Armour Shop.
  8400 | D:9      | Found Veynulul's Book Emporium.
  8550 | D:9      | Noticed a gargoyle
  8563 | D:9      | Killed a gargoyle
  8899 | D:9      | Found a stormy altar of Qazlal.
  9118 | D:9      | Identified a scroll of acquirement
  9535 | Lair:1   | Entered Level 1 of the Lair of Beasts
  9570 | Lair:1   | Noticed a spiny frog
  9581 | Lair:1   | Killed a spiny frog
  9648 | Lair:1   | Noticed a seven-headed hydra
  9665 | Lair:1   | Reached skill level 10 in Fighting
  9989 | Lair:1   | Killed an eight-headed hydra
 10294 | Lair:1   | Reached XP level 11. HP: 43/54 MP: 14/14
 10371 | Lair:1   | Noticed Gastronok
 10378 | Lair:1   | Killed Gastronok
 10378 | Lair:1   | Reached skill level 5 in Evocations
 11210 | Lair:2   | Found a hole to the Spider Nest.
 12106 | Lair:3   | Reached skill level 10 in Unarmed Combat
 12505 | Lair:3   | Found a staircase to the Swamp.
 13324 | Lair:3   | Gained mutation: Your thick and shaggy fur keeps you warm.
                  | (AC +3, rC+) [Felid growth]
 13324 | Lair:3   | Reached XP level 12. HP: 30/58 MP: 19/19
 14374 | Lair:4   | Noticed an eight-headed hydra
 14386 | Lair:4   | Killed an eight-headed hydra
 15182 | Lair:5   | Noticed a five-headed hydra
 15189 | Lair:5   | Killed a five-headed hydra
 15555 | Lair:5   | Noticed a four-headed hydra
 15557 | Lair:5   | Noticed a five-headed hydra
 15929 | Lair:6   | Entered Level 6 of the Lair of Beasts
 15961 | Lair:6   | Found a staircase to the Slime Pits.
 16227 | Lair:6   | Reached ****** piety under Trog
 17599 | Lair:6   | Reached skill level 15 in Stealth
 18544 | Lair:6   | Reached XP level 13. HP: 34/61 MP: 20/20
 18971 | Lair:6   | Found a large runed door.
 18971 | Lair:6   | Found a large runed door.
 18979 | Lair:6   | Noticed a fire dragon
 19597 | D:10     | Entered Level 10 of the Dungeon
 20019 | D:10     | Found a staircase to the Orcish Mines.
 20866 | D:10     | Found Weabrul's Jewellery Shoppe.
 21163 | D:11     | Found Ephiocra's Gadget Shop.
 22784 | D:12     | Found Fyoskeek's Jewellery Shoppe.
 22843 | D:12     | Found a shadowy altar of Dithmenos.
 23497 | D:13     | Noticed Josephine
 23646 | D:13     | Reached skill level 13 in Dodging
 23740 | D:13     | Killed Josephine
 24047 | D:13     | Noticed Azrael
 24336 | D:13     | Killed Azrael
 24539 | D:13     | Reached XP level 14. HP: 67/67 MP: 22/22
 24892 | Orc:1    | Entered Level 1 of the Orcish Mines
 24892 | Orc:1    | Noticed Fannar
 24895 | Orc:1    | Killed Fannar
 24895 | Orc:1    | Reached skill level 10 in Evocations
 24973 | Orc:1    | Noticed an orc warlord
 25484 | Orc:1    | Killed an orc warlord
 25768 | Orc:2    | Entered Level 2 of the Orcish Mines
 26429 | Orc:2    | Reached skill level 14 in Dodging
 26805 | Orc:2    | Found a staircase to the Elven Halls.
 27266 | Orc:1    | Noticed Erica
 27331 | Orc:1    | Killed Erica
 28538 | Orc:2    | Reached skill level 15 in Dodging
 28911 | Orc:2    | Found Voklu's Book Shoppe.
 28911 | Orc:2    | Found Oginacox's Weapon Shop.
 28919 | Orc:2    | Found Wualiaro's Food Boutique.
 28919 | Orc:2    | Found Xupsie's Jewellery Shoppe.
 28951 | Orc:2    | Bought a +6 ring of protection for 1170 gold pieces
 29575 | D:14     | Identified the +7 chain mail of the Meadowlark {+Inv rElec
                  | Dex+3}
 29978 | D:14     | Reached XP level 15. HP: 50/73 MP: 23/23
 30697 | D:14     | Found a gate to the Vaults.
 30752 | D:14     | Reached skill level 16 in Dodging
 30810 | D:14     | Found a runed gate.
 30817 | D:14     | Found a runed gate.
 30818 | D:14     | Found a runed gate.
 30818 | D:14     | Found a roughly hewn altar of Beogh.
 30818 | D:14     | Noticed Ratty's ghost (journeyman DENe)
 30818 | D:14     | Identified the amulet of the Republic {+Rage rElec rF-
                  | Str+5}
 30819 | D:14     | Identified the +8 great mace "Hulk" {crush, +Inv Str-3
                  | Int-5 Stlth+}
 30819 | D:14     | Noticed an orc warlord
 31306 | D:15     | Entered Level 15 of the Dungeon
 32299 | D:15     | Found a staircase to the Depths.
 32453 | D:15     | Slain by a skeletal warrior
 32454 | D:15     | Reached XP level 14. HP: -5/72 MP: 22/22
 32760 | Swamp:1  | Entered Level 1 of the Swamp
 33058 | Swamp:1  | HP: 3/72 [alligator[an alligator] (14)]
 36161 | Swamp:3  | Reached skill level 17 in Dodging
 36165 | Swamp:3  | Reached XP level 15. HP: 55/76 MP: 23/23
 37429 | D:10     | Bought an uncursed ring of poison resistance for 280 gold
                  | pieces
 37538 | Spider:1 | Entered Level 1 of the Spider Nest
 38264 | Spider:1 | Got a serpentine garnet amulet
 38265 | Spider:1 | Identified the amulet of Xom's Approval {Inacc rC+} (You
                  | found it on level 1 of the Spider Nest)
 38578 | Spider:1 | Reached skill level 15 in Unarmed Combat
 38589 | Spider:1 | Reached skill level 15 in Fighting
 41649 | Spider:3 | Noticed Agnes
 41666 | Spider:3 | Killed Agnes
 41688 | Spider:3 | Noticed a ghost moth
 41956 | Spider:3 | Killed a ghost moth
 41956 | Spider:3 | Reached skill level 18 in Dodging
 43100 | Swamp:4  | Entered Level 4 of the Swamp
 43468 | Swamp:4  | Noticed a thorn hunter
 44567 | Swamp:4  | Killed a thorn hunter
 44709 | Swamp:4  | Reached XP level 16. HP: 74/82 MP: 24/24
 47611 | Swamp:4  | Reached skill level 19 in Dodging
 47622 | Swamp:4  | Got a decaying rune of Zot
 48052 | Spider:4 | Entered Level 4 of the Spider Nest
 49838 | Spider:4 | Got a scorched ivory amulet
 49839 | Spider:4 | Identified the amulet "Pamaatul" {Harm *Drain +Blink MR-
                  | Int+2} (You acquired it on level 4 of the Spider Nest)
 50577 | Spider:4 | Reached XP level 17. HP: 87/87 MP: 25/25
 51190 | Spider:4 | Got a gossamer rune of Zot
 51487 | Vaults:1 | Entered Level 1 of the Vaults
 51982 | Vaults:1 | Reached skill level 20 in Dodging
 52280 | Vaults:1 | HP: 4/88 [centaur warrior/arrow (12)]
 52282 | Vaults:1 | Shot with an arrow by a centaur warrior
 52283 | Vaults:1 | Reached XP level 16. HP: -10/84 MP: 24/24
 54170 | Vaults:2 | Paralysed by a great orb of eyes for 3 turns
 54171 | Vaults:2 | Slain by a great orb of eyes
 54172 | Vaults:2 | Reached XP level 15. HP: -1/80 MP: 23/23
 54631 | Vaults:3 | Noticed Saint Roka
 56213 | Vaults:2 | Upgraded the game from 0.23-a0-558-g30802b1 to
                  | 0.23-a0-565-g3e74e4c
 56262 | Vaults:2 | Reached XP level 16. HP: 53/84 MP: 24/24
 57197 | Vaults:3 | Found a staircase to the Crypt.
 57198 | Vaults:3 | Noticed an ancient champion
 57202 | Vaults:3 | Killed an ancient champion
 57407 | Vaults:3 | Reached skill level 21 in Dodging
 58495 | Vaults:3 | Killed Saint Roka
 58911 | Vaults:3 | Slain by a vault warden

Vault maps used:
D:1:      dpeg_arrival_erosion, patterned_corridor
D:2:      tgw_kikubaaqudgha
D:3:      uniq_robin
D:4:      lemuel_doored_altar, minmay_temple_entry_tees,
          lightli_sewer_entry_pipes, uniq_grinder, uniq_eustachio
D:5:      first_ration
D:6:      serial_shops, nicolae_shop_overgrown_old_shop
D:7:      serial_rivers, chequers_serial_rivers_small_3,
          chequers_serial_rivers_micro_d, chequers_serial_rivers_micro_e,
          chequers_serial_rivers_micro_e, uniq_pikel, uniq_joseph
D:9:      lair_entry_dummy, ebering_ghost_disaster_area, serial_shops,
          kennysheep_mini, shop_statue, david_nohive_1, grunt_qazlal_clouds
D:10:     zombieorc2_lemuel, serial_shops, nicolae_shop_crystal,
          serial_bayou_pond_d, hangedman_decor_opposing
D:11:     serial_shops, shop, billiards_dpeg
D:12:     serial_shops, shop, serial_column_ruins, column_ruins_hut,
          column_ruins_hut_ruined, column_ruins_open_tiny,
          column_ruins_open_small, column_ruins_open_small,
          column_ruins_columns_corner, column_ruins_corridor_dead_end,
          column_ruins_open_medium, basic_altar
D:13:     uniq_azrael, uniq_josephine
D:14:     grunt_vaults_entry_tiered, biasface_ghost_orc_armoury,
          minmay_misc_feat_rows
D:15:     grunt_enter_depths_magical_seal, grunt_decor_arrowhead
Lair:1:   lemuel_fruit_tree, grunt_megastairs_4, infiniplex_staircase_pool_2,
          uniq_gastronok
Lair:2:   spider_nest_entry_rubble, lemuel_fruit_fields,
          infiniplex_staircase_pool, serial_bayou_shore_b
Lair:3:   minmay_swamp_entry_worms, portal_ice_cave_entry_pillars_1
Lair:5:   kilobyte_rumbling_trees
Lair:6:   cheibrodos_lair_end_hotspot, nicolae_slime_entry_slimehenge,
          enter_volcano_4
Swamp:1:  evilmike_swamp_ruin_house_4, swamp_pool1, nicolae_swamp_triple_paths
Swamp:2:  evilmike_swamp_ruin_house_1
Swamp:3:  evilmike_swamp_ruin_house_3
Swamp:4:  swamp_basic_johnstein
Spider:3: spider_trap, nicolae_looking_at_the_future,
          nicolae_spider_cling_halls, uniq_agnes
Spider:4: grunt_spider_rune_circles
Orc:1:    nicolae_orc_accident_1, uniq_fannar, uniq_erica
Orc:2:    st_orc_ogre_mass
Vaults:1: nicolae_vaults_alarming, grunt_vaults_twisty, vaults_room_corners,
          ontoclasm_vaults_eye, v_misc_25
Vaults:2: hangedman_vaults_corner_blocks, nicolae_vaults_little_ls,
          hangedman_vaults_unwind, ontoclasm_vaults_pinch,
          hangedman_vaults_cutoff, nicolae_vaults_disjoint_gnomons,
          nicolae_vaults_angled_halls, hangedman_vaults_nails,
          vaults_room_octagon, ontoclasm_vaults_tryst,
          nicolae_vaults_big_angled_halls, vaults_dpeg_hooks,
          nicolae_vaults_little_squares_6, nicolae_vaults_asterisk,
          serial_shops, bzr_entry_dummy
Vaults:3: v_misc_14, v_pattern_2, nicolae_vaults_big_angled_halls,
          ontoclasm_vaults_twist, hangedman_vaults_hat,
          hangedman_vaults_stagger, minmay_crypt_entry_simple_round,
          vaults_room_guarded_vault, v_misc_2, vaults_room_pools,
          vaults_dpeg_encased_lava, uniq_saint_roka, uniq_mara
Sewer:    sewer_co_15_rooms

Skill      XL: |  1  2  3  4  5  6  7  8  9 10 11 12 13 14 15 16 17 |
---------------+----------------------------------------------------+-----
Unarmed Combat | 4 6 5 7 8 11 12 14 15 18 17 | 18.1
Stealth        | 3 4 7 10 15 16 | 16.0
Dodging        | 8 12 13 17 18 21 20 | 21.0
Fighting       | 5 10 11 12 15 18 17 | 18.1
Evocations     | 3 8 9 10 | 10.0

Action                   |  1- 3 |  4- 6 |  7- 9 | 10-12 | 13-15 | 16-18 || total
-------------------------+-------+-------+-------+-------+-------+-------++-------
Melee: Unarmed           |    67 |   160 |   260 |   548 |  1971 |   960 ||  3966
       Bite              |     6 |    18 |    31 |    73 |   266 |   126 ||   520
       Punch             |     1 |     5 |    18 |    30 |   167 |   115 ||   336
Invok: Berserk           |     3 |     6 |     9 |    16 |    61 |    22 ||   117
       Trog's Hand       |       |       |     2 |     1 |     4 |    11 ||    18
       Brothers in Arms  |       |       |       |     7 |    12 |    17 ||    36
Evoke: Wand              |       |       |       |     3 |     8 |    20 ||    31
  Use: Scroll            |       |    12 |     6 |    12 |    15 |     7 ||    52
       Potion            |       |       |       |     1 |     7 |     4 ||    12
 Stab: Sleeping          |     5 |    11 |    15 |    52 |    93 |    23 ||   199
       Distracted        |       |     1 |     4 |     6 |    23 |    11 ||    45
       Paralysed         |       |       |       |       |       |     1 ||     1
  Eat: Chunk             |     7 |    18 |    17 |    35 |   129 |    54 ||   260
       Ration            |       |       |       |       |     6 |     5 ||    11
Armor: Skin              |     6 |     2 |     7 |     9 |    91 |    84 ||   199
Dodge: Dodged            |    57 |   101 |   187 |   505 |  1941 |  1158 ||  3949

Table legend:
 A = Non-vault XP
 B = Vault XP
 C = Vault XP percentage of total XP
 D = Non-vault monster count
 E = Vault monster count
 F = Vault count percentage of total count
                 A         B        C        D         E       F
            +---------+---------+-------+---------+---------+-------
      Total |  251896 |  107215 |  29.9 |     967 |     350 |  26.6
            +---------+---------+-------+---------+---------+-------
        D:1 |      54 |       0 |   0.0 |      21 |       0 |   0.0
        D:2 |     262 |       0 |   0.0 |      23 |       0 |   0.0
        D:3 |      20 |      36 |  64.3 |       7 |      12 |  63.2
        D:4 |     364 |     510 |  58.4 |      28 |      11 |  28.2
        D:5 |      92 |       0 |   0.0 |       4 |       0 |   0.0
        D:6 |     693 |     617 |  47.1 |      15 |       1 |   6.2
        D:7 |    1161 |     430 |  27.0 |      30 |       1 |   3.2
        D:8 |    1985 |      61 |   3.0 |      26 |       1 |   3.7
        D:9 |    1886 |    1066 |  36.1 |      22 |      13 |  37.1
       D:10 |    1718 |     745 |  30.2 |      17 |      36 |  67.9
       D:11 |    7152 |      78 |   1.1 |      42 |       3 |   6.7
       D:12 |    1896 |       0 |   0.0 |      21 |       0 |   0.0
       D:13 |   10370 |    2831 |  21.4 |      32 |       9 |  22.0
       D:14 |    6273 |    8783 |  58.3 |      26 |      25 |  49.0
       D:15 |   11048 |    3969 |  26.4 |      27 |       8 |  22.9
     Lair:1 |    1961 |    1198 |  37.9 |       9 |       2 |  18.2
     Lair:2 |    4521 |     289 |   6.0 |      19 |       1 |   5.0
     Lair:3 |    4637 |     868 |  15.8 |      27 |       4 |  12.9
     Lair:4 |    2792 |       0 |   0.0 |      15 |       0 |   0.0
     Lair:5 |    2657 |     852 |  24.3 |      10 |       7 |  41.2
     Lair:6 |    6515 |    5154 |  44.2 |      29 |      29 |  50.0
    Swamp:1 |    9231 |       0 |   0.0 |      21 |       0 |   0.0
    Swamp:2 |   10132 |       0 |   0.0 |      29 |       0 |   0.0
    Swamp:3 |   10111 |       0 |   0.0 |      40 |       0 |   0.0
    Swamp:4 |   16502 |   17185 |  51.0 |      37 |      37 |  50.0
   Spider:1 |   18728 |       0 |   0.0 |      50 |       0 |   0.0
   Spider:2 |    6225 |       0 |   0.0 |      18 |       0 |   0.0
   Spider:3 |    7103 |    3626 |  33.8 |      13 |      16 |  55.2
   Spider:4 |   24044 |   19151 |  44.3 |      73 |      37 |  33.6
      Orc:1 |    5770 |    2424 |  29.6 |      57 |       6 |   9.5
      Orc:2 |    3529 |   18564 |  84.0 |      33 |      36 |  52.2
   Vaults:1 |   25612 |    2330 |   8.3 |      62 |       7 |  10.1
   Vaults:2 |   25875 |    7935 |  23.5 |      44 |      12 |  21.4
   Vaults:3 |   20977 |    8445 |  28.7 |      40 |      19 |  32.2
      Sewer |       0 |      68 | 100.0 |       0 |      17 | 100.0
            +---------+---------+-------+---------+---------+-------
